 Dungeon Crawl Stone Soup version 0.26-a0-660-gc07710193c (webtiles) character file.

Game seed: 8829668177872565246

116 lunkers the Covert (level 5, -1/48 HPs)
             Began as a Kobold Delver on Oct 5, 2020.
             Was an Initiate of Gozag.
             Slain by an adder (2 damage)
             ... on level 4 of the Dungeon.
             The game lasted 00:03:10 (2269 turns).

lunkers the Covert (Kobold Delver)                  Turns: 2269, Time: 00:03:10

Health: -1/48      AC:  4    Str:  7 (9)  XL:     5   Next: 20%
Magic:  5/5        EV: 14    Int: 10 (12) God:    Gozag
Gold:   80         SH:  0    Dex: 15 (17) Spells: 4/4 levels left

rFire    . . .     SeeInvis .   a - +0 short sword
rCold    . . .     Faith    .   (shield restricted)
rNeg     . . .     Spirit   .   b - +0 leather armour
rPois    .         Reflect  .   (no helmet)
rElec    .         Harm     .   (no cloak)
rCorr    .         Rampage  .   i - +0 pair of gloves
MR       .....                  (no boots)
Stlth    ..........             (no amulet)
HPRegen  0.16/turn              x - ring of flight
MPRegen  0.09/turn              (no ring)

@: brilliant, berserking, lethally poisoned (-1 -> -2), stab, very quick
A: small, nightstalker 3
a: Potion Petition, Call Merchant, Bribe Branch, Renounce Religion, Evoke Flight


You were on level 4 of the Dungeon.
You worshipped Gozag.
Gozag was noncommittal.
You visited 1 branch of the dungeon, and saw 5 of its levels.

You collected 130 gold pieces.
You paid 50 gold pieces to Gozag.

Inventory:

Hand Weapons
 a - a +0 short sword (weapon)
Missiles
 o - 4 curare-tipped darts {=f}
Armour
 b - a +0 leather armour (worn)
 i - a +0 pair of gloves (worn)
Jewellery
 x - a ring of flight (left hand)
Wands
 g - a wand of digging (3)
 v - a wand of random effects (14)
Scrolls
 c - 2 scrolls of fog
 d - a scroll of magic mapping
 e - a scroll of fear
 j - 3 scrolls of identify {unknown}
 k - 3 scrolls of teleportation {unknown}
 l - a scroll of enchant weapon {unknown}
 q - 4 scrolls of remove curse {unknown}
 t - a scroll of blinking {unknown}
 u - 2 scrolls of amnesia {unknown}
Potions
 f - 2 potions of haste
 h - a potion of brilliance
 m - a potion of degeneration
 n - a potion of stabbing
 r - a potion of flight {unknown}
 s - a potion of curing {unknown}
 w - a potion of ambrosia {unknown}


   Skills:
 - Level 3.2 Fighting
 + Level 5.0 Short Blades
 - Level 2.4 Dodging
 + Level 8.1 Stealth


You had 4 spell levels left.
You didn't know any spells.
Your spell library was empty.

Dungeon Overview and Level Annotations

Branches:
Dungeon (5/15)
 Temple: D:4-7

Altars:
Gozag
Nemelex Xobeh
Zin

Annotations:
D:3 Robin


Innate Abilities, Weirdness & Mutations

You are small and have problems with some larger weapons.
You are completely attuned to the shadows.


Message History

The adder is moderately wounded.
The adder bites you but does no damage.
Unknown command.
You completely miss the adder.
The adder is moderately wounded.
The adder bites you but does no damage.
Unknown command.
It was a potion of berserk rage.
A red film seems to cover your vision as you go berserk!
You feel yourself moving faster!
You feel mighty!
* * * LOW HITPOINT WARNING * * *
You feel sick. The adder bites you but does no damage.
You hit the adder.
The adder is almost dead.
The adder bites you but does no damage.
You miss the adder.
The adder is almost dead.
The adder bites you.
You die...
Your body crumbles into a pile of gold.

.... .... .... ...w .<..
.....# ###$... ...#
...^..#######...... ...#
...........>........
...###........#######.....
#.(..+..........@........?
##.###.........S#####.##..
#...............+ ..
#..###..........# .#
#<......#####...####.#
............#.........
............#.........
............#.........
............#.........


You could see an adder.

Vanquished Creatures
  A hound (D:5)
  An adder (D:5)
  A shadow imp (D:5)
  An ooze (D:4)
  3 worms
  2 dart slugs
  2 leopard geckos (D:2)
  5 bats
  2 giant cockroaches (D:1)
  5 goblins
  4 hobgoblins
  4 jackals (D:2)
  9 kobolds
  3 frilled lizards
  A leopard gecko skeleton (D:4)
  9 rats
53 creatures vanquished.

Notes
Turn   | Place    | Note
-------+----------+-------------------------------------------
     0 | D:5      | lunkers the Kobold Delver began the quest for the Orb.
     0 | D:5      | Reached XP level 1. HP: 14/14 MP: 1/1
    59 | D:4      | Noticed an orc wizard
    91 | D:3      | Noticed Robin
    92 | D:3      | Reached XP level 2. HP: 19/19 MP: 2/2
   212 | D:2      | Reached skill level 7 in Stealth
   430 | D:1      | Reached XP level 3. HP: 23/23 MP: 3/3
  1290 | D:2      | Reached XP level 4. HP: 20/28 MP: 4/4
  1496 | D:2      | Found a glowing silver altar of Zin.
  1883 | D:3      | You fall into a shaft and drop 2 floors!
  1883 | D:5      | Found an opulent altar of Gozag.
  1888 | D:5      | Became a worshipper of Gozag Ym Sagoz the Greedy
  1912 | D:5      | Found a sparkling altar of Nemelex Xobeh.
  1993 | D:5      | Reached skill level 8 in Stealth
  1993 | D:5      | Reached XP level 5. HP: 9/32 MP: 5/5
  2217 | D:5      | Reached skill level 5 in Short Blades
  2263 | D:4      | HP: 1/32 [poisoned by an adder]
  2269 | D:4      | Slain by an adder

Illustrated notes

Levels and vault maps discovered:
D:1:      noname_arrival_rooms_in_the_neighbourhood, layout_basic
D:2:      layout_loops_ring, zin_scriptorium, due_unseen_surprise
D:3:      layout_loops_ring, tgw_xom, serial_park_tiny_2, uniq_robin
D:4:      layout_basic, minmay_temple_entry_wispy, uniq_duvessa
D:5:      layout_basic, lemuel_crystal_altar, overflow_temple_1_default,
          minitemple, basic_altar, st_stairs_10, grunt_decor_mini_mirrors,
          serial_park_tiny_1, uniq_eustachio

Skill      XL: |  1  2  3  4  5 |
---------------+----------------+-----
Short Blades   | 3 4 5 |  5.0
Stealth        | 7 8 |  8.1
Fighting       | |  3.2
Dodging        | |  2.4

Action                   |  1- 3 |  4- 6 || total
-------------------------+-------+-------++-------
Melee: Short sword       |    87 |    63 ||   150
  Use: Potion            |       |     4 ||     4
       Scroll            |       |     1 ||     1
 Stab: Sleeping          |    24 |     9 ||    33
Armor: Leather armour    |    11 |    17 ||    28
Dodge: Dodged            |    60 |    39 ||    99

Table legend: (Time is in decaauts)
 A = Elapsed time spent in this place.
 B = Non-inter-level travel time spent in this place.
 C = Inter-level travel time spent in this place.
 D = Time resting spent in this place.
 E = Time spent auto-exploring this place.
 F = Levels seen in this place.
 G = Mean time per level.
                   A        B        C        D        E       F      G
               +--------+--------+--------+--------+--------+-----+--------+
         Total |   2254 |   2190 |     64 |      0 |   1762 |   5 |  450.8 |
       Dungeon |   2254 |   2190 |     64 |      0 |   1762 |   5 |  450.8 |
               +--------+--------+--------+--------+--------+-----+--------+

Top non-repeatable levels by time:
     D:2: 966 daAuts
     D:1: 582 daAuts
     D:5: 402 daAuts
     D:3: 242 daAuts
     D:4: 61 daAuts
